 Dungeon Crawl Stone Soup version 0.25.1-2-g60ff931df9 (webtiles) character file.

Game seed: 12596513169619626152

101 Erymatos the Chopper (level 4, -2/61 HPs)
             Began as a Minotaur Berserker on Nov 10, 2020.
             Was a Believer of Trog.
             Slain by a gnoll
             ... wielding a +0 spear
              (10 damage)
             ... on level 3 of the Dungeon.
             The game lasted 00:02:19 (2602 turns).

Erymatos the Chopper (Minotaur Berserker)           Turns: 2602, Time: 00:02:19

Health: -2/61      AC:  5    Str: 23    XL:     4   Next: 48%
Magic:  3/3        EV: 12    Int:  4    God:    Trog [**....]
Gold:   113        SH:  0    Dex:  9    Spells: 3/3 levels left

rFire    . . .     SeeInvis .   j - +0 war axe
rCold    . . .     Gourm    .   (no shield)
rNeg     . . .     Faith    .   h - +0 ring mail
rPois    +         Spirit   .   (helmet restricted)
rElec    .         Reflect  .   (no cloak)
rCorr    .         Harm     .   (no gloves)
MR       .....                  (no boots)
Stlth    ..........             (no amulet)
HPRegen  0.20/turn              f - ring of poison resistance
MPRegen  0.08/turn              (no ring)

@: berserking, very quick
A: retaliatory headbutt, horns 2
a: Berserk, Trog's Hand, Renounce Religion


You were on level 3 of the Dungeon.
You worshipped Trog.
Trog was pleased with you.
You were very hungry.

You visited 1 branch of the dungeon, and saw 3 of its levels.

You collected 113 gold pieces.

Inventory:

Hand Weapons
 j - a +0 war axe (weapon)
Armour
 h - a +0 ring mail (worn)
Jewellery
 f - a ring of poison resistance (left hand)
Scrolls
 a - a scroll of amnesia {unknown}
 g - 3 scrolls of remove curse {unknown}
 i - a scroll of magic mapping {unknown}
 k - 2 scrolls of teleportation {unknown}
 l - 2 scrolls of blinking {unknown}
 p - 3 scrolls of fog {unknown}
Potions
 d - 2 potions of might {unknown}
 e - a potion of berserk rage {unknown}
 m - a potion of haste {unknown}
 n - 2 potions of curing {unknown}
 o - a potion of brilliance {unknown}
Comestibles
 b - 2 chunks of flesh
 c - 5 rations


   Skills:
 + Level 4.6 Fighting
 + Level 5.1 Axes
 + Level 2.8 Armour
 + Level 2.9 Dodging


You had 3 spell levels left.
You didn't know any spells.
Your spell library was empty.

Dungeon Overview and Level Annotations

Branches:
Dungeon (3/15)

Altars:
Okawaru

Annotations:
D:3 1 runed translucent door, chimenez's ghost, weakling OpSk


Innate Abilities, Weirdness & Mutations

You reflexively headbutt those who attack you in melee.
You have a pair of horns on your head.


Message History

There are monsters nearby!
Unknown command.
You hit the gnoll. You headbutt the gnoll.
The gnoll is moderately wounded.
You barely miss the gnoll.
The gnoll hits you from afar with a +0 spear!
The gnoll hits you with a +0 halberd!
* * * LOW HITPOINT WARNING * * *
The gnoll hits you with a +0 spear.
* * * LOW HITPOINT WARNING * * *
The gnoll closely misses you.
You are too injured to fight recklessly!
There are monsters nearby!
You are too injured to fight recklessly!
There are monsters nearby!
A red film seems to cover your vision as you go berserk!
You feel yourself moving faster!
You feel mighty!
You are feeling very hungry.
The gnoll hits you with a +0 spear!
You die...

######....#
########.........# <
#...........#..#.#
..#...........#..#...
..............#..##....
..............#..# ....
..............#.... ...
........†?....##.##..
##....@......# .. ...
#...gg........... ..
#..g........####. #
#............. .#
#...........###
#...........#
#...........#
#...........#


You could see 3 gnolls.

Vanquished Creatures
  3 adders
  An ooze (D:1)
  A worm (D:2)
  A dart slug (D:1)
  A leopard gecko (D:1)
  2 ball pythons
  4 giant cockroaches
  3 goblins
  8 hobgoblins
  6 jackals
  7 kobolds
  4 quokkas
  7 bats
  5 frilled lizards
  8 rats
61 creatures vanquished.

Notes
Turn   | Place    | Note
-------+----------+-------------------------------------------
     0 | D:1      | Erymatos the Minotaur Berserker began the quest for the
                  | Orb.
     0 | D:1      | Reached XP level 1. HP: 19/19 MP: 0/0
   116 | D:1      | Reached skill level 4 in Axes
   116 | D:1      | Reached XP level 2. HP: 27/27 MP: 1/1
   536 | D:1      | Reached XP level 3. HP: 24/33 MP: 2/2
   919 | D:1      | Reached ** piety under Trog
  1451 | D:2      | Found an iron altar of Okawaru.
  1866 | D:2      | Reached XP level 4. HP: 41/41 MP: 3/3
  2232 | D:2      | Reached skill level 5 in Axes
  2549 | D:3      | Found a runed translucent door.
  2567 | D:3      | Noticed a bullfrog
  2568 | D:3      | Noticed chimenez's ghost (weakling OpSk)
  2602 | D:3      | Slain by a gnoll

Illustrated notes

Levels and vault maps discovered:
D:1:      giann_forest_graveyard, layout_loops_ring
D:2:      layout_loops_ring, overflow_temple_1_default, minmay_door_square,
          serial_park_tiny_pond, minmay_cupped
D:3:      layout_basic, ebering_ghost_sewer_d, kennysheep_generic_room_9

Skill      XL: |  1  2  3  4 |
---------------+-------------+-----
Fighting       | 4 |  4.6
Axes           | 4 5 |  5.1
Armour         | |  2.8
Dodging        | |  2.9

Action                   |  1- 3 |  4- 6 || total
-------------------------+-------+-------++-------
Melee: Hand axe          |   108 |       ||   108
       Headbutt          |    17 |     2 ||    19
       War axe           |    13 |    27 ||    40
Invok: Berserk           |       |     1 ||     1
  Eat: Chunk             |     3 |     2 ||     5
Armor: Animal skin       |     6 |       ||     6
       Ring mail         |    18 |     7 ||    25
Dodge: Dodged            |    69 |    27 ||    96
